 Dungeon Crawl Stone Soup version 0.21.1-1-g345015fe64 (webtiles) character file.

2463 Nattfarinn the Cleaver (level 9, 0/79 HPs)
             Began as a Hill Orc Fighter on May 4, 2018.
             Was a Priest of Okawaru.
             Slain by a troll (1 damage)
             ... on level 8 of the Dungeon.
             The game lasted 00:16:00 (8154 turns).

Nattfarinn the Cleaver (Hill Orc Fighter)           Turns: 8154, Time: 00:16:00

Health: 0/79       AC:  7    Str: 27      XL:     9   Next: 50%
Magic:  9/9        EV:  8    Int:  8      God:    Okawaru [***...]
Gold:   365        SH: 10    Dex:  4 (10) Spells: 8/8 levels left

rFire    . . .     SeeInvis .   H - +2 mace (holy)
rCold    . . .     Gourm    .   c - +0 shield
rNeg     . . .     Faith    +   b - +0 scale mail
rPois    .         Spirit   .   (no helmet)
rElec    .         Reflect  .   (no cloak)
rCorr    +         Harm     .   (no gloves)
MR       .....                  (no boots)
Stlth    ..........             n - amulet of faith
HPRegen  0.23/turn              s - ring of resist corrosion
MPRegen  0.11/turn              (no ring)

@: mighty
A: no striking features
a: Heroism, Renounce Religion


You were on level 8 of the Dungeon.
You worshipped Okawaru.
Okawaru was most pleased with you.
You were hungry.

You visited 2 branches of the dungeon, and saw 9 of its levels.

You collected 365 gold pieces.

Inventory:

Hand Weapons
 a - a +0 war axe
 g - a +2 short sword of venom
 y - a +0 war axe
 F - a +1 quarterstaff of speed
 H - a +2 mace of holy wrath (weapon)
Armour
 b - a +0 scale mail (worn)
 c - a +0 shield (worn)
 G - a +2 leather armour of fire resistance
Jewellery
 n - an amulet of faith (around neck)
 s - a ring of resist corrosion (left hand)
 D - an uncursed amulet of guardian spirit {unknown}
Wands
 p - a wand of random effects (25)
 E - a wand of iceblast (4)
Scrolls
 e - 11 scrolls of identify {unknown}
 i - 5 scrolls of magic mapping {unknown}
 j - 6 scrolls of teleportation {unknown}
 l - 2 scrolls of blinking {unknown}
 m - 3 scrolls of fear {unknown}
 q - a scroll of enchant armour {unknown}
 r - 6 scrolls of remove curse {unknown}
 t - a scroll of amnesia {unknown}
 w - a scroll of immolation {unknown}
Potions
 d - a potion of might
 h - a potion of resistance {unknown}
 k - a potion of lignification {unknown}
 o - a potion of haste {unknown}
 v - 2 potions of curing
 x - 2 potions of berserk rage {unknown}
 z - a potion of mutation {unknown}
 A - a potion of degeneration {unknown}
 C - a potion of brilliance {unknown}
Books
 u - a Young Poisoner's Handbook

   Spells                             Type                      Level
   a - Sting                          Conjuration/Poison           1
   b - Poisonous Vapours              Poison/Air                   2
   c - Mephitic Cloud                 Conjuration/Poison/Air       3
   d - Olgreb's Toxic Radiance        Poison                       4
   e - Venom Bolt                     Conjuration/Poison           5
 B - a book of Maledictions

   Spells                             Type                      Level
   a - Corona                         Hexes                        1
   b - Ensorcelled Hibernation        Hexes/Ice                    2
   c - Confuse                        Hexes                        3
   d - Tukima's Dance                 Hexes                        3
   e - Dazzling Spray                 Conjuration/Hexes            3
Comestibles
 f - 14 rations


   Skills:
 + Level 7.6 Fighting
 * Level 10.6 Axes
 + Level 6.9 Armour
 + Level 7.0 Shields


You had 8 spell levels left.
You didn't know any spells.

Dungeon Overview and Level Annotations

Branches:
Dungeon (8/15)             Temple (1/1) D:4
   Lair: D:8-11

Altars:
Cheibriados
Elyvilon
Fedhas
Nemelex Xobeh
Okawaru
Sif Muna
Trog
Uskayaw
Wu Jian
The Shining One

Annotations:
D:6 exclusion: oklob plant


Message History

You block the troll's attack. x2
Found a scroll labeled MIRGHOI QOECUS.
A bullfrog zombie comes into view.
You feel better. The troll closely misses you. You block the troll's attack.
The troll claws you but does no damage.
You feel very mighty all of a sudden. The troll bites you!
* * * LOW HITPOINT WARNING * * *
The troll claws you but does no damage. x2
You closely miss the troll.
The troll is moderately wounded.
The troll bites you.
* * * LOW HITPOINT WARNING * * *
The troll misses you. The troll completely misses you.
You hit the troll.
The troll is moderately wounded.
The troll bites you.
* * * LOW HITPOINT WARNING * * *
The troll claws you.
You die...

#######......
##..$.......
##.......#.#
#..........#
#......)).#
#......<[.#
#..(......###
#....T........
##$.@....#####
#...Z.....#
#.........#
#.........#
#.........#
#......?..#
##.......##
##.....##


You could see a troll and a bullfrog zombie.

Vanquished Creatures
  Pikel (D:7)
  Joseph (D:7)
  2 orc warriors
  A sky beast (D:7)
  A phantom (D:6)
  An ogre (D:3)
  3 big kobolds
  A bullfrog (D:6)
  A scorpion (D:4)
  A howler monkey (D:5)
  2 crimson imps
  2 quasits (D:8)
  3 jellies
  4 orc priests
  4 orc wizards
  4 iguanas
  4 worker ants
  A hound zombie (D:8)
  4 gnolls (D:4)
  4 adders
  A shadow imp (D:7)
  An ooze (D:4)
  2 adder zombies
  4 worms
  4 dart slugs
  3 leopard geckos
  23 orcs
  10 bats
  8 giant cockroaches
  12 goblins
  7 hobgoblins
  7 jackals
  3 quokkas
  A ball python skeleton (D:4)
  5 frilled lizards
  21 kobolds
  18 rats
175 creatures vanquished.

Vanquished Creatures (others)
  2 slaves (D:7)
  A hound (D:4)
  An adder (D:4)
4 creatures vanquished.

Grand Total: 179 creatures vanquished

Notes
Turn   | Place    | Note
-------+----------+-------------------------------------------
     0 | D:1      | Nattfarinn the Hill Orc Fighter began the quest for the Orb.
     0 | D:1      | Reached XP level 1. HP: 19/19 MP: 1/1
    65 | D:1      | Reached skill level 3 in Axes
    80 | D:1      | Reached XP level 2. HP: 27/27 MP: 2/2
   360 | D:1      | Reached XP level 3. HP: 24/33 MP: 3/3
   754 | D:2      | Reached skill level 4 in Axes
   880 | D:2      | Reached XP level 4. HP: 34/40 MP: 4/4
  1009 | D:2      | Found an ornate altar of the Wu Jian Council.
  1157 | D:2      | Found a faded altar of an unknown god.
  1984 | D:3      | Noticed an ogre
  2000 | D:3      | Killed an ogre
  2000 | D:3      | Reached skill level 5 in Axes
  2000 | D:3      | Reached XP level 5. HP: 11/47 MP: 5/5
  2321 | D:3      | Found a sparkling altar of Nemelex Xobeh.
  2367 | D:3      | Reached XP level 6. HP: 48/53 MP: 6/6
  2403 | D:3      | Found a white marble altar of Elyvilon.
  3250 | D:4      | Reached skill level 5 in Fighting
  3250 | D:4      | Reached skill level 6 in Axes
  3427 | D:4      | Found a staircase to the Ecumenical Temple.
  3488 | Temple   | Entered the Ecumenical Temple
  3498 | Temple   | Became a worshipper of Warmaster Okawaru
  3563 | D:4      | Reached XP level 7. HP: 60/61 MP: 7/7
  3574 | D:4      | Reached skill level 5 in Shields
  3765 | D:4      | Found a deep blue altar of Sif Muna.
  3772 | D:4      | Found a bloodstained altar of Trog.
  4129 | D:5      | Entered Level 5 of the Dungeon
  4215 | D:5      | Reached skill level 5 in Armour
  4541 | D:5      | Reached skill level 7 in Axes
  4833 | D:5      | Reached * piety under Okawaru
  5466 | D:6      | HP: 1/62 [bullfrog (7)]
  5468 | D:6      | Reached XP level 8. HP: 12/70 MP: 5/8
  5488 | D:6      | Reached skill level 8 in Axes
  5742 | D:6      | Noticed a moth of wrath
  5745 | D:6      | Found a bloodstained altar of Trog.
  6637 | D:6      | Found a blossoming altar of Fedhas.
  6661 | D:6      | Noticed an oklob plant
  6716 | D:7      | Found an iron altar of Okawaru.
  6825 | D:7      | Noticed Pikel
  6876 | D:7      | Killed Pikel
  6876 | D:7      | Reached ** piety under Okawaru
  6876 | D:7      | Reached skill level 9 in Axes
  6876 | D:7      | Reached XP level 9. HP: 47/79 MP: 6/9
  7188 | D:7      | Reached skill level 10 in Axes
  7600 | D:7      | Noticed Joseph
  7613 | D:7      | Killed Joseph
  7613 | D:7      | Reached *** piety under Okawaru
  8134 | D:8      | Noticed a troll
  8153 | D:8      | HP: 3/79 [troll (3)]
  8154 | D:8      | HP: 1/79 [troll (2)]
  8154 | D:8      | Slain by a troll

Skill      XL: |  1  2  3  4  5  6  7  8  9 |
---------------+----------------------------+-----
Axes           | 3 4 5 6 7 9 10 | 10.6
Fighting       | 4 5 7 |  7.6
Shields        | 4 5 6 7 |  7.0
Armour         | 4 5 6 |  6.9

Action                   |  1- 3 |  4- 6 |  7- 9 || total
-------------------------+-------+-------+-------++-------
Melee: War axe           |   109 |    44 |   209 ||   362
       Short sword       |       |   162 |   130 ||   292
       Mace              |       |       |     9 ||     9
Invok: Heroism           |       |       |     5 ||     5
  Use: Potion            |       |       |     3 ||     3
  Eat: Chunk             |       |     8 |    12 ||    20
       Ration            |       |       |     1 ||     1
Armor: Scale mail        |    43 |    82 |   139 ||   264
Dodge: Dodged            |    28 |    66 |   101 ||   195
Block: Shield            |    55 |   115 |   195 ||   365
